 Dungeon Crawl Stone Soup version bcrawl-1.28.5 (webtiles) character file.

Game seed: 10876532763948152884

148858 esc the Skirmisher (level 5, -7/47 HPs)
             Began as a Hill Orc Spelunker on Jan 18, 2021.
             Was a Follower of Okawaru.
             Mangled by an orc warrior
             ... wielding a +0 mace
              (18 damage)
             ... on level 4 of the Dungeon.
             The game lasted 00:09:57 (3007 turns).

esc the Skirmisher (Hill Orc Spelunker)             Turns: 3007, Time: 00:09:58

Health: -7/47      AC:  5    Str: 16    XL:     5   Next: 98%
Magic:  8/8        EV: 11    Int: 12    God:    Okawaru [*.....]
Gold:   139        SH:  0    Dex: 14    Spells: 5/8 levels left

rFire    . . .     SeeInvis .   u - +0 rapier
rCold    . . .     Gourm    .   (no shield)
rNeg     . . .     Faith    +   m - +1 leather armour {MR+}
rPois    +         Spirit   .   (no helmet)
rElec    .         Reflect  .   (no cloak)
rCorr    .         Harm     .   (no gloves)
MR       +....                  c - +0 pair of boots
Stlth    ++........             w - amulet "Ziugy" {Faith rPois Dex+4}
HPRegen  0.15/turn              r - ring of poison resistance
MPRegen  0.11/turn              (no ring)

@: no status effects
A: no striking features
a: Heroism, Renounce Religion


You were on level 4 of the Dungeon.
You worshipped Okawaru.
Okawaru was aware of your devotion.
You were not hungry.

You visited 1 branch of the dungeon, and saw 4 of its levels.

You collected 139 gold pieces.

Inventory:

Hand Weapons
 t - a +0 morningstar
 u - a +0 rapier (weapon)
Armour
 c - a +0 pair of boots (worn)
 m - a +1 leather armour of magic resistance (worn)
 p - a +0 chain mail
 x - a +0 ring mail
Jewellery
 r - a ring of poison resistance (left hand)
 w - the amulet "Ziugy" (around neck) {Faith rPois Dex+4}
   (You found it on level 4 of the Dungeon)

   [amulet of faith]

   It allows you to gain divine favour quickly.
   It affects your dexterity (+4).
   It protects you from poison.
Wands
 d - a wand of digging (10)
 v - a wand of scattershot (3)
Scrolls
 b - 2 scrolls of magic mapping
 i - 5 scrolls of remove curse
 j - a scroll of fear
 l - 2 scrolls of immolation
 n - 3 scrolls of fog
 o - a scroll of teleportation
Potions
 a - 2 potions of degeneration {unknown}
 f - a potion of agility {unknown}
 h - 2 potions of lignification {unknown}
 k - 3 potions of berserk rage {unknown}
 q - 2 potions of cancellation {unknown}
 s - a potion of ambrosia {unknown}
 z - a potion of flight {unknown}
 B - 2 potions of mutation {unknown}
Miscellaneous
 g - a lamp of fire
Comestibles
 e - 7 rations {!d}
 A - 3 chunks of flesh


   Skills:
 + Level 4.6 Fighting
   Level 4.6 Short Blades
   Level 4.6 Long Blades
   Level 4.6 Axes
   Level 4.6 Maces & Flails
   Level 4.6 Polearms
   Level 4.6 Staves
 + Level 3.8 Armour
 + Level 0.6 Dodging
 - Level 2.6 Stealth
   Level 4.6 Unarmed Combat
 - Level 2.0 Spellcasting
 - Level 2.0 Hexes
 - Level 1.3 Transmutations
 - Level 2.0 Earth Magic
 + Level 1.2 Invocations
 - Level 2.0 Evocations


You had 5 spell levels left.
You knew the following spells:

 Your Spells              Type           Power        Failure   Level  Hunger
a - Corona                Hex            #......      14%         1    None
b - Passwall              Tmut/Erth      #.......     24%         2    ##.....
Your spell library was empty.

Dungeon Overview and Level Annotations

Branches:
Dungeon (4/12)
 Temple: D:4-7

Altars:
Okawaru


Message History

Okawaru accepts your kill.
Your Invocations skill increases to level 1!
You hit the orc warrior but do no damage.
The orc warrior hits you with a +0 mace.
You hit the orc warrior.
The orc warrior is lightly wounded.
The orc warrior hits you with a +0 mace.
You puncture the orc warrior!
The orc warrior is moderately wounded.
The orc warrior hits you with a +0 mace!
You hit the orc warrior but do no damage.
The orc warrior is moderately wounded.
The orc warrior hits you with a +0 mace!
* * * LOW HITPOINT WARNING * * *
You puncture the orc warrior!
The orc warrior is severely wounded.
You hit the orc warrior but do no damage.
The orc warrior is severely wounded.
The orc warrior hits you with a +0 mace!!
You die...

............##.##...##
#...........##.......
...................
#......#.........##
#.................# # #
.#.#...........<.####.
#..###....................
#.......o........#....###.
##$..##..#@#.....##........
.......>####......###.....#
....[..####...##..#.......#
...#....#....##..##........
.. #.........#...#.........
.o.)....#..#.#.#.........
.?..5..###....#...........
...#.... #.................
#..#$.. ##.....##..........


You could see an orc warrior.

Vanquished Creatures
  A quasit (D:4)
  An orc priest (D:2)
  An orc wizard (D:3)
  A worker ant (D:4)
  An ooze (D:2)
  6 worms
  A dart slug (D:2)
  5 leopard geckos
  8 orcs
  A giant cockroach (D:2)
  9 hobgoblins
  9 jackals
  A quokka (D:2)
  5 bats
  A frilled lizard (D:3)
  6 goblins
  9 kobolds
  2 quokka skeletons (D:4)
  6 rats
74 creatures vanquished.

Notes
Turn   | Place    | Note
-------+----------+-------------------------------------------
     0 | D:1      | esc the Hill Orc Spelunker began the quest for the Orb.
     0 | D:1      | Reached XP level 1. HP: 19/19 MP: 3/3
   431 | D:1      | Reached skill level 1 in Armour
   431 | D:1      | Reached XP level 2. HP: 24/26 MP: 5/5
   979 | D:2      | Reached XP level 3. HP: 28/33 MP: 6/6
  1433 | D:2      | Reached skill level 4 in Fighting
  1466 | D:2      | Reached XP level 4. HP: 24/40 MP: 7/7
  2198 | D:3      | Reached XP level 5. HP: 32/47 MP: 8/8
  2503 | D:3      | Found a faded altar of an unknown god.
  2539 | D:3      | Became a worshipper of Warmaster Okawaru
  2539 | D:3      | Reached * piety under Okawaru
  2902 | D:4      | Noticed an orc warrior
  2915 | D:4      | Got a translucent lead amulet
  2916 | D:4      | Identified the amulet "Ziugy" {Faith rPois Dex+4} (You
                  | found it on level 4 of the Dungeon)
  3002 | D:4      | Reached skill level 1 in Invocations
  3007 | D:4      | Mangled by an orc warrior

Skill      XL: |  1  2  3  4  5 |
---------------+----------------+-----
Armour         | 1 2 3 |  3.8
Fighting       | 4 |  4.6
Invocations    | 1 |  1.2
Short Blades   | |  4.6
Long Blades    | |  4.6
Axes           | |  4.6
Maces & Flails | |  4.6
Polearms       | |  4.6
Staves         | |  4.6
Dodging        | |  0.6
Stealth        | |  2.6
Unarmed Combat | |  4.6
Spellcasting   | |  2.0
Hexes          | |  2.0
Transmutations | |  1.3
Earth Magic    | |  2.0
Evocations     | |  2.0

Action                   |  1- 3 |  4- 6 || total
-------------------------+-------+-------++-------
Melee: Dagger            |   184 |    46 ||   230
       Punch             |     2 |     2 ||     4
       Rapier            |       |    84 ||    84
  Use: Scroll            |     4 |     4 ||     8
 Stab: Sleeping          |     3 |     3 ||     6
  Eat: Chunk             |     6 |     8 ||    14
Armor: Leather armour    |    35 |    27 ||    62
Dodge: Dodged            |    86 |    48 ||   134
